 Dungeon Crawl Stone Soup version 0.29-a0-337-g68df138881 (webtiles) character file.

Game seed: 12614583312054367181

102 MirrMurr the Sneak (level 4, -1/21 HPs)
             Began as a Spriggan Enchanter on Apr 16, 2022.
             Slain by a black bear (3 damage)
             ... on level 3 of the Dungeon.
             The game lasted 00:04:42 (1814 turns).

MirrMurr the Sneak (Spriggan Enchanter)             Turns: 1814, Time: 00:04:43

Health: -1/21      AC:  2    Str:  6    XL:     4   Next: 50%
Magic:  1/9        EV: 17    Int: 22    God:
Gold:   48         SH:  0    Dex: 15    Spells: 3/8 levels left

rFire   . . .      SeeInvis +   a - +1 dagger
rCold   . . .      Faith    .   (no shield)
rNeg    . . .      Spirit   .   b - +0 robe
rPois   .          Reflect  .   (helmet restricted)
rElec   .          Harm     .   (no cloak)
rCorr   .          Rampage  .   (gloves unavailable)
Will    .....                   (boots unavailable)
Stlth   +++.......              (no amulet)
HPRegen 0.07/turn               k - +6 ring of intelligence
MPRegen 0.11/turn               (no ring)

@: very slightly contaminated, very quick
A: very small, no large weapons, unfitting armour, see invisible, speed 3
a: no special abilities


You were on level 3 of the Dungeon.
You visited 1 branch of the dungeon, and saw 5 of its levels.

You collected 48 gold pieces.

Inventory:

Hand Weapons
 a - a +1 dagger (weapon)
Missiles
 j - 65 stones (quivered)
Armour
 b - a +0 robe (worn)
Jewellery
 k - a +6 ring of intelligence (left hand)
Scrolls
 h - a scroll of immolation
Potions
 c - 2 potions of invisibility
 d - a potion of berserk rage {unknown}
 f - 2 potions of flight
 m - a potion of mutation
 n - a potion of degeneration {unknown}


   Skills:
 + Level 3.4 Short Blades
 - Level 2.6 Dodging
 + Level 6.6 Stealth
 - Level 2.6 Spellcasting
 - Level 3.6 Hexes


You had 3 spell levels left.
You knew the following spells:

 Your Spells              Type           Power      Damage    Failure   Level
a - Ensorcelled Hibernat  Hex/Ice        20%        N/A       10%         2
b - Confusing Touch       Hex            18%        N/A       9%          3

Your spell library contained the following spells:

 Spells                   Type           Power      Damage    Failure   Level
 Tukima's Dance           Hex            18%        N/A       9%          3
 Dazzling Flash           Conj/Hex       20%        N/A       19%         3


Dungeon Overview and Level Annotations

Branches:
Dungeon (5/15)
 Temple: D:4-7

Altars:
Kikubaaqudgha

Shops:
D:1 !


Innate Abilities, Weirdness & Mutations

You are very small and have problems with some larger weapons.
You are too small for most types of armour.
You have supernaturally acute eyesight. (SInv)
You cover ground extremely quickly. (Speed+++)


Message History

You don't have enough magic to cast this spell.
Unknown command.
Casting: Ensorcelled Hibernation (safe; 10% risk of failure)
Confirm with . or Enter, or press ? or * to list all spells.
You don't have enough magic to cast this spell.
Unknown command.
Okay, then.
Unknown command.
Okay, then.
You hit the black bear but do no damage.
You hit the black bear but do no damage.
The black bear misses you.
The black bear claws you but does no damage.
The black bear claws you.
You hit the black bear.
The black bear is lightly wounded.
The black bear bites you!
* * * LOW HITPOINT WARNING * * *
The black bear completely misses you. The black bear closely misses you.
You hit the black bear.
The black bear is lightly wounded.
The black bear closely misses you. x2
The black bear claws you but does no damage.
You hit the black bear.
The black bear is lightly wounded.
The black bear misses you. x2; The black bear claws you.
* * * LOW HITPOINT WARNING * * *
You hit the black bear.
The black bear is moderately wounded.
The black bear misses you.
The black bear claws you but does no damage.
The black bear completely misses you.
You hit the black bear. You punch the black bear.
The black bear is heavily wounded.
You hit the black bear.
The black bear is heavily wounded.
The black bear bites you.
* * * LOW HITPOINT WARNING * * *
The black bear misses you. The black bear claws you.
You die...

#.# #.# ####.# #.#
.....# #.# .#####
#.# .###### ####.#
......# #....#
......# ####.#
......########.###
...............h@#
......###.#....###
......# #.#.##.#
.###### #.#.##.#
....# #.#.##.#
..#.# #......#
.)#.# #...####
..#.# #...######
....# #........#


You could see a black bear.

Vanquished Creatures
  A howler monkey (D:5)
  Terence (D:2)
  An adder (D:4)
  A ball python (D:2)
  6 endoplasms
  A giant cockroach (D:1)
  2 goblins
  A hobgoblin (D:1)
  4 jackals (D:1)
  A quokka (D:3)
  2 bats
  3 kobolds
  5 rats
29 creatures vanquished.

Notes
Turn   | Place    | Note
-------+----------+-------------------------------------------
     0 | D:1      | MirrMurr the Spriggan Enchanter began the quest for the
                  | Orb.
     0 | D:1      | Reached XP level 1. HP: 9/9 MP: 5/5
   172 | D:2      | Noticed Terence
   178 | D:2      | Killed Terence
   179 | D:2      | Reached skill level 5 in Stealth
   179 | D:2      | Reached XP level 2. HP: 13/13 MP: 6/6
   179 | D:2      | Reached XP level 3. HP: 16/16 MP: 8/8
   192 | D:1      | Learned a level 2 spell: Ensorcelled Hibernation
   196 | D:1      | Learned a level 3 spell: Confusing Touch
   429 | D:1      | Found Tugec's Distillery.
  1383 | D:2      | Reached skill level 6 in Stealth
  1743 | D:5      | Entered Level 5 of the Dungeon
  1756 | D:5      | Found an ancient bone altar of Kikubaaqudgha.
  1768 | D:5      | Noticed a black bear
  1774 | D:5      | Noticed a sky beast
  1787 | D:5      | Reached XP level 4. HP: 21/21 MP: 3/9
  1814 | D:3      | Slain by a black bear

Illustrated notes

Levels and vault maps discovered:
D:1:      wander_arrival_peaceful_grave, layout_basic, serial_shops,
          nicolae_shop_competitors_out_of_business
D:2:      layout_basic, hellmonk_ecumenical_altar_run_dry, uniq_terence
D:3:      layout_basic
D:4:      layout_cave_pods, skrybe_limestone_x, uniq_menkaure, uniq_edmund
D:5:      layout_basic, nicolae_kikubaaqudgha_miasma_corner,
          nicolae_overflow_crystal_walls,
          nicolae_concentric_dashed_squares_mild, chequers_jeans

Skill      XL: |  1  2  3 |
---------------+----------+-----
Short Blades   | 2 3 |  3.4
Stealth        | 5 6 |  6.6
Dodging        | |  2.6
Spellcasting   | |  2.6
Hexes          | |  3.6

Action                   |  1- 3 |  4- 6 || total
-------------------------+-------+-------++-------
Melee: Dagger            |    74 |     9 ||    83
       Punch             |     1 |     1 ||     2
 Cast: Ensorcelled Hiber |    19 |     1 ||    20
  Use: Scroll            |     6 |       ||     6
 Stab: Sleeping          |    13 |       ||    13
Armor: Robe              |     8 |     4 ||    12
Dodge: Dodged            |    40 |    18 ||    58

Table legend: (Time is in decaauts)
 A = Elapsed time spent in this place.
 B = Non-inter-level travel time spent in this place.
 C = Inter-level travel time spent in this place.
 D = Time resting spent in this place.
 E = Time spent auto-exploring this place.
 F = Levels seen in this place.
 G = Mean time per level.
                   A        B        C        D        E       F      G
               +--------+--------+--------+--------+--------+-----+--------+
         Total |   1558 |   1510 |     48 |    143 |   1073 |   5 |  311.6 |
       Dungeon |   1558 |   1510 |     48 |    143 |   1073 |   5 |  311.6 |
               +--------+--------+--------+--------+--------+-----+--------+

Top non-repeatable levels by time:
     D:1: 754 daAuts
     D:2: 520 daAuts
     D:3: 218 daAuts
     D:5: 35 daAuts
     D:4: 29 daAuts
